Italian Game

Match 17226542
End
Selects Italian Combined Arms Battlegroup
Selects Bersaglieri Squad
Bersaglieri Squad
250 Light Carrier
Bersaglieri Squad
Construct Light Support Kompanie
Bersaglieri Squad
Selects Bersaglieri Bolster
2.5-tonne Medical Truck
Selects Semovente da 75/18 Assault Gun
Semovente da 75/18 Assault Gun
Panzerpioneer Squad
Selects Carro Armato M13/40 Light Tank
Carro Armato M13/40 Light Tank
Carro Armato M13/40 Light Tank
Carro Armato M13/40 Light Tank
Selects Artillery Cover
Artillery Cover
Carro Armato M13/40 Light Tank
Artillery Cover
Carro Armato M13/40 Light Tank
Selects Breda Model 30 Light Machine Guns
Construct Mechanized Kompanie
Panzerpioneer Squad
Vehicle Survival Package
Tungsten Core Ammunition
Support Armor Elements
Artillery Cover
Emergency Repair Kits
Rapid Advance
Carro Armato M13/40 Light Tank
Carro Armato M13/40 Light Tank
Artillery Cover
Construct Panzerarmee Kommand
Armored Reserves
StuG Assault Group
MilfGuard
Dionysus
Saphrax
Rao
Don Pitudo
J1MB0
0
0

Comments sign in to comment!

No comments posted yet!